 Dungeon Crawl Stone Soup version 0.18-a0-1040-g4865665 (webtiles) character file.

550 Kris the Digger (level 7, 0/36 HPs)
             Began as a Gargoyle Earth Elementalist on Jan 10, 2016.
             Was an Initiate of Vehumet.
             Slain by sefie's ghost (5 damage)
             ... on level 5 of the Dungeon.
             The game lasted 00:21:00 (5497 turns).

Kris the Digger (Gargoyle Earth Elementalist)       Turns: 5497, Time: 00:21:00

Health: 0/36       AC:  6    Str: 17    XL:     7   Next: 29%
Magic:  1/15       EV: 12    Int: 17    God:    Vehumet [......]
Gold:   189        SH:  4    Dex: 10    Spells: 4 memorised, 5 levels left

rFire  + . .     SeeInvis .     r - +0 flail
rCold  + + .     Gourm    .     a - +0 robe
rNeg   + . .     Faith    .     (no shield)
rPois  ∞         Spirit   .     (no helmet)
rElec  +         Dismiss  .     (no cloak)
rCorr  +         Reflect  +     (no gloves)
SustAt .         Harm     .     (no boots)
MR     .....                    v - +4 amulet of reflection
Stlth  ++........               w - ring of flight
                                i - ring of protection from cold

@: mighty, resistant, not resistant to hostile enchantments, unstealthy
A: negative energy resistance 1, electricity resistance, unbreathing,
petrification resistance, rot immunity, AC +4
a: Renounce Religion, Evoke Flight


You were on level 5 of the Dungeon.
You worshipped Vehumet.
Vehumet was noncommittal.
You were not hungry.

You visited 2 branches of the dungeon, and saw 6 of its levels.

You collected 189 gold pieces.

Inventory:

Hand Weapons
 f - a +0 hand axe
 r - a +0 flail (weapon)
 x - a +0 battleaxe
Missiles
 b - 11 stones (quivered)
Armour
 a - a +0 robe (worn)
Jewellery
 i - a ring of protection from cold (left hand)
 v - a +4 amulet of reflection (around neck)
 w - a ring of flight (right hand)
Scrolls
 q - 2 scrolls of recharging
 s - 2 scrolls of teleportation
 u - a scroll of fear
Potions
 e - 2 potions of cure mutation
 h - a potion of might
 j - a potion of resistance
 l - 3 potions of curing
 n - a potion of haste {unknown}
 o - 4 potions of brilliance
 p - a potion of flight {unknown}
 t - 2 potions of heal wounds {unknown}
Books
 c - a book of Geomancy

   Spells                             Type                      Level
   a - Sandblast                      Earth                        1
   b - Stoneskin                      Transmutation/Earth          2
   c - Passwall                       Transmutation/Earth          3
   d - Stone Arrow                    Conjuration/Earth            3
   e - Petrify                        Transmutation/Earth          4
   f - Lee's Rapid Deconstruction     Earth                        5
Comestibles
 d - 3 bread rations
 g - a beef jerky
 k - 4 meat rations
 m - a slice of pizza
 z - a chunk of flesh


   Skills:
 - Level 1.5 Dodging
 - Level 2.1 Stealth
 * Level 5.4 Spellcasting
 + Level 3.5 Conjurations
 - Level 0.7 Transmutations
 + Level 5.5 Earth Magic


You had 5 spell levels left.
You knew the following spells:

 Your Spells              Type           Power        Failure   Level  Hunger
a - Sandblast             Erth           ###...       1%          1    None
b - Stoneskin             Trmt/Erth      ###.....     6%          2    #......
c - Stone Arrow           Conj/Erth      ###...       10%         3    ##.....
d - Lee's Rapid Deconstr  Erth           ###.......   45%         5    ######.


Dungeon Overview and Level Annotations

Branches:
Dungeon (5/15)             Temple (1/1) D:4

Altars:
Ashenzari
Cheibriados
Dithmenos
Fedhas
Gozag
Kikubaaqudgha
Makhleb
Nemelex Xobeh
Okawaru
Pakellas
Qazlal
Sif Muna
Trog
Vehumet
Xom
Yredelemnul
Zin
The Shining One

Annotations:
D:5 sefie's ghost, amateur DDNe


Innate Abilities, Weirdness & Mutations

You are resistant to torment.
Your stone body is resilient (AC +4).
You are immune to poison.
You resist negative energy.
You are resistant to electric shocks.
You can survive without breathing.
You are immune to petrification.
You are immune to rotting.


Message History

Aim: sefie's ghost (moderately damaged)
The stone arrow hits sefie's ghost.
Sefie's ghost is heavily damaged.
Sefie's ghost closely misses you.
Casting: Stone Arrow
Confirm with . or Enter, or press ? or * to list all spells.
Aiming: Sandblast
Press: ? - help, Shift-Dir - straight line, f/p - sefie's ghost
Aim: sefie's ghost (heavily damaged)
The blast of sand hits sefie's ghost.
Sefie's ghost is heavily damaged.
Sefie's ghost hits you but does no damage.
You are too injured to fight recklessly!
You are too injured to fight recklessly!
You are too injured to fight recklessly!
You are too injured to fight recklessly!
You sock sefie's ghost!
Sefie's ghost is severely damaged.
Sefie's ghost hits you.
You die...

#.######.######.## #.#
#......#...
####.#####.#####.#.##
#..............#.#.#
#.##.###.#.###.#.#.##
#.##.# #.#... #.#.##
#....###÷#.....#.#.##
##########..##....#.#...
.......@..........#.#...
##....W.....##.#.)#.#.##
................>.#.#...
.#.#.#.###.....####.#.#.
#...#. ..##### #.####
### ## ##.# #..... #.#
###### #.#


You could see sefie's ghost.

Vanquished Creatures
  The ghost of runewalsh the Chiller, an amateur OpIE (D:4)
  An ogre (D:4)
  2 hounds
  Crazy Yiuf (D:3)
  Jessica (D:3)
  Ijyb (D:3)
  A worker ant (D:4)
  3 adders
  5 worms
  4 giant geckos
  5 orcs
  A ball python (D:2)
  11 bats
  A giant cockroach (D:4)
  9 goblins
  16 hobgoblins
  7 jackals
  3 quokkas
  6 giant newts
  5 kobolds
  7 rats
91 creatures vanquished.

Vanquished Creatures (others)
  5 toadstools (D:1)
5 creatures vanquished.

Grand Total: 96 creatures vanquished

Notes
Turn   | Place    | Note
--------------------------------------------------------------
     0 | D:1      | Kris the Gargoyle Earth Elementalist began the quest for the Orb.
     0 | D:1      | Reached XP level 1. HP: 10/10 MP: 3/3
   130 | D:1      | Reached XP level 2. HP: 15/15 MP: 2/5
   235 | D:1      | Learned a level 2 spell: Stoneskin
  1104 | D:1      | Reached XP level 3. HP: 19/19 MP: 5/7
  1109 | D:1      | Learned a level 3 spell: Stone Arrow
  1558 | D:2      | Reached skill level 4 in Earth Magic
  1635 | D:2      | Reached skill level 1 in Conjurations
  1703 | D:2      | Reached XP level 4. HP: 24/24 MP: 3/9
  2867 | D:3      | Noticed Jessica
  2874 | D:3      | Killed Jessica
  2874 | D:3      | Reached XP level 5. HP: 17/28 MP: 10/10
  3351 | D:3      | Noticed Ijyb
  3401 | D:3      | Killed Ijyb
  3513 | D:3      | Noticed Crazy Yiuf
  3517 | D:3      | Killed Crazy Yiuf
  4082 | D:4      | Noticed an ogre
  4088 | D:4      | Killed an ogre
  4088 | D:4      | Reached skill level 5 in Earth Magic
  4088 | D:4      | Reached XP level 6. HP: 32/32 MP: 2/13
  4176 | D:4      | Learned a level 5 spell: Lee's Rapid Deconstruction
  4184 | D:4      | Noticed runewalsh's ghost (amateur OpIE)
  4208 | D:4      | Killed runewalsh's ghost
  4208 | D:4      | Reached skill level 5 in Spellcasting
  4208 | D:4      | Reached XP level 7. HP: 21/36 MP: 2/14
  4587 | D:4      | Found a staircase to the Ecumenical Temple.
  4598 | Temple   | Entered the Ecumenical Temple
  4602 | Temple   | Became a worshipper of Vehumet
  5330 | D:5      | Entered Level 5 of the Dungeon
  5481 | D:5      | Noticed sefie's ghost (amateur DDNe)
  5497 | D:5      | Slain by sefie's ghost

Vault maps used:
D:1:      ldierk_walled_garden, minivault_14, solitary_fountain
D:3:      uniq_crazy_yiuf_cottage, uniq_iyjb, uniq_jessica
D:4:      minmay_temple_entry_poolview, kennysheep_generic_room_2
D:5:      serial_shops, kennysheep_little_box, first_bread,
          nicolae_ossuary_entry_plus
Temple:   dpeg_three_leaves_temple_18

Action                   |  1- 3 |  4- 6 |  7- 9 || total
-------------------------+-------+-------+-------++-------
Melee: Hand axe          |    24 |    20 |       ||    44
       Flail             |       |    98 |    47 ||   145
 Cast: Sandblast         |    57 |    34 |     8 ||    99
       Stone Arrow       |       |    13 |     9 ||    22
  Use: Scroll            |       |     8 |     3 ||    11
       Potion            |       |       |     2 ||     2
 Stab: Distracted        |     1 |       |       ||     1
       Sleeping          |       |     2 |     1 ||     3
  Eat: Chunk             |     3 |     8 |     5 ||    16
